 Dungeon Crawl Stone Soup version 0.28-a0-1504-g839a4452db (webtiles) character file.

Game seed: 13040786422123563888

620 Cheeritup the Insei (level 7, -2/59 HPs)
             Began as a Red Draconian Transmuter on Jan 13, 2022.
             Was a Follower of Wu Jian.
             Succumbed to a scorpion's poison
             ... on level 5 of the Dungeon.
             The game lasted 00:11:12 (4890 turns).

Cheeritup the Insei (Red Draconian Transmuter)      Turns: 4890, Time: 00:11:13

Health: -2/59      AC:  8    Str: 12    XL:     7   Next: 22%
Magic:  13/19      EV: 12    Int: 15    God:    Wu Jian [*.....]
Gold:   204        SH:  0    Dex: 12    Spells: 4/10 levels left

rFire   + . .      SeeInvis .     - Unarmed
rCold   . . .      Faith    .   (no shield)
rNeg    . . .      Spirit   .   (armour unavailable)
rPois   .          Reflect  .   (helmet restricted)
rElec   .          Harm     .   (no cloak)
rCorr   .          Rampage  .   n - +1 pair of gloves
Will    .....                   (no boots)
Stlth   +.........              (no amulet)
HPRegen 0.19/turn               a - ring of magical power
MPRegen 0.16/turn               (no ring)

@: lethally poisoned (-2 -> -19), short of breath
A: breathe fire, AC +6, unfitting armour, fire resistance 1, cold-blooded
a: Breathe Fire, Renounce Religion


You were on level 5 of the Dungeon.
You worshipped Wu Jian.
Wu Jian was aware of your devotion.
You visited 2 branches of the dungeon, and saw 6 of its levels.

You collected 204 gold pieces.

Inventory:

Hand Weapons
 i - a +3 vorpal spear
Armour
 n - a +1 pair of gloves (worn)
Magical Staves
 c - a staff of air
 j - a staff of cold
 l - a staff of conjuration
Jewellery
 a - a ring of magical power (left hand)
 e - a ring of ice
Scrolls
 b - a scroll of fear
 k - a scroll of blinking
Potions
 d - a potion of curing
 f - a potion of flight
 h - a potion of might


   Skills:
 - Level 4.0 Fighting
 - Level 1.7 Dodging
 + Level 5.5 Unarmed Combat
 - Level 2.0 Spellcasting
 - Level 2.0 Summonings
 + Level 4.9 Transmutations


You had 4 spell levels left.
You knew the following spells:

 Your Spells              Type           Power      Damage    Failure   Level
a - Beastly Appendage     Tmut           32%        N/A       3%          1
b - Wereblood             Tmut           16%        N/A       4%          2
c - Spider Form           Tmut/Pois      8%         N/A       24%         3

Your spell library contained the following spells:

 Spells                   Type           Power      Damage    Failure   Level
 Summon Small Mammal      Summ           28%        N/A       10%         1
 Call Canine Familiar     Summ           7%         N/A       28%         3
 Ignite Poison            Fire/Tmut/Pois 6%         N/A       34%         3
 Summon Guardian Golem    Hex/Summ       4%         N/A       41%         3
 Mephitic Cloud           Conj/Pois/Air  1%         N/A       54%         3
 Ice Form                 Ice/Tmut       8%         N/A       63%         4
 Freezing Cloud           Conj/Ice/Air   0%         6-21      99%         5


Dungeon Overview and Level Annotations

Branches:
Dungeon (5/15)             Temple (1/1) D:4

Altars:
Ashenzari
Cheibriados
Dithmenos
Gozag
Makhleb
Nemelex Xobeh
Okawaru
Qazlal
Sif Muna
Vehumet
Wu Jian
Zin
The Shining One

Shops:
D:4 (

Annotations:
D:3 3 runed translucent doors, atomjack's ghost, weakling DsIE


Innate Abilities, Weirdness & Mutations

You can breathe blasts of fire.
Your fiery red scales are hard. (AC +6)
You cannot fit into any form of body armour.
Your flesh is heat resistant. (rF+)
You are cold-blooded and may be slowed by cold attacks.


Message History

Duvessa hits you with a +0 short sword!
Casting: Spider Form (dangerous; 26% risk of failure)
Confirm with . or Enter, or press ? or * to list all spells.
You turn into a venomous arachnid creature.
Your +1 pair of gloves melds into your body.
You have got your breath back.
Duvessa is no longer moving quickly.
Duvessa hits you with a +0 short sword! x2
* * * LOW HITPOINT WARNING * * *
You hit Duvessa.
You kill Duvessa!
The Council accepts your kill.
You hit the scorpion.
The scorpion is heavily wounded.
The scorpion stings you but does no damage.
You barely miss the scorpion.
The scorpion is heavily wounded.
Your transformation is almost over.
The scorpion completely misses you.
Okay, then.
You hit the scorpion but do no damage.
The scorpion is heavily wounded.
The scorpion barely misses you.
You hit the scorpion but do no damage.
The scorpion is poisoned.
The scorpion is heavily wounded.
The scorpion stings you.
* * * LOW HITPOINT WARNING * * *
You are lethally poisoned!
The scorpion poisons you!
Your transformation has ended.
Your +1 pair of gloves unmelds from your body.
* * * LOW HITPOINT WARNING * * *
You feel very sick.
The scorpion stings you but does no damage. x2
Aiming: Breathe Fire (5% risk of failure)
Press: ? - help, Shift-Dir - straight line, f - scorpion
Aim: a scorpion (heavily wounded, poisoned, 68% to hit)
You breathe a blast of fire.
The fiery breath hits the scorpion!
You kill the scorpion!
The Council accepts your kill.
You die...

##........ #.#.######.#.
#..#####. #............ #..#
##.#.#.####.#. ##[.#
#...........#. ....#
#####..#.#(###.##. ##.##
..........####.... #.#
#....#.........
#.################......########
#.........ยง.)..@....##.## #
######################.# #
#.######### #......[...
###########


There were no monsters in sight!

Vanquished Creatures
  Duvessa (D:5)
  An ogre (D:4)
  A scorpion (D:5)
  Dowan (D:5)
  3 vampire bats (D:4)
  2 hounds
  A bullfrog skeleton (D:4)
  An iguana (D:5)
  A hound skeleton (D:4)
  A howler monkey zombie (D:5)
  3 adders
  An adder skeleton (D:4)
  A worm (D:4)
  6 dart slugs
  6 orcs
  5 ball pythons
  7 endoplasms
  4 giant cockroaches
  6 goblins
  13 hobgoblins
  3 jackals (D:1)
  6 quokkas
  7 bats
  4 frilled lizards
  8 kobolds
  3 rats
96 creatures vanquished.

Vanquished Creatures (others)
  4 fungi (D:3)
4 creatures vanquished.

Grand Total: 100 creatures vanquished

Notes
Turn   | Place    | Note
-------+----------+-------------------------------------------
     0 | D:1      | Cheeritup the Draconian Transmuter began the quest for the
                  | Orb.
     0 | D:1      | Reached XP level 1. HP: 16/16 MP: 3/3
   123 | D:1      | Reached XP level 2. HP: 23/23 MP: 1/5
   130 | D:1      | Learned a level 2 spell: Wereblood
   938 | D:1      | Reached XP level 3. HP: 29/29 MP: 4/6
  1063 | D:1      | Learned a level 3 spell: Spider Form
  1374 | D:2      | Found a faded altar of an unknown god.
  1850 | D:2      | Reached XP level 4. HP: 34/37 MP: 5/7
  2614 | D:3      | Reached skill level 1 in Summonings
  2983 | D:3      | Found a runed translucent gate.
  2987 | D:3      | Noticed a kobold brigand
  2989 | D:3      | Found a runed translucent gate.
  2989 | D:3      | Noticed atomjack's ghost (weakling DsIE)
  2990 | D:3      | Found a runed translucent gate.
  3076 | D:3      | Reached skill level 4 in Unarmed Combat
  3076 | D:3      | Reached XP level 5. HP: 37/45 MP: 6/8
  3509 | D:4      | Found a staircase to the Ecumenical Temple.
  3532 | Temple   | Entered the Ecumenical Temple
  3602 | Temple   | Became a worshipper of the Wu Jian Council
  3767 | D:4      | Reached XP level 6. HP: 50/51 MP: 9/9
  4157 | D:4      | Found Ladocik's Antique Weapon Emporium.
  4620 | D:5      | Entered Level 5 of the Dungeon
  4626 | D:5      | Noticed Dowan
  4626 | D:5      | Noticed Duvessa
  4753 | D:5      | Reached skill level 5 in Unarmed Combat
  4862 | D:5      | Killed Dowan
  4862 | D:5      | Reached * piety under Wu Jian
  4863 | D:5      | Your scales start taking on a fiery red colour.
  4863 | D:5      | Reached XP level 7. HP: 55/59 MP: 10/10
  4863 | D:5      | Gained mutation: Your flesh is heat resistant. (rF+) [Red
                  | Draconian growth]
  4882 | D:5      | Killed Duvessa
  4889 | D:5      | HP: 2/59 [poisoned by a scorpion]
  4890 | D:5      | Succumbed to a scorpion's poison

Illustrated notes

Levels and vault maps discovered:
D:1:      denvon_arrival_waterhouse, layout_basic
D:2:      minmay_evil_eye, layout_loops_corners, ebering_ecumenical_altar_mist
D:3:      layout_basic, gammafunk_ghost_nasty_kobolds
D:4:      layout_basic, minmay_temple_entry_offerings, serial_shops,
          kennysheep_mini_moat, roderic_batcave, minmay_vboxes
D:5:      layout_loops_ring, uniq_duvessa
Temple:   minmay_crystal_snake_temple

Skill      XL: |  1  2  3  4  5  6 |
---------------+-------------------+-----
Fighting       | 2 3 4 |  4.0
Transmutations | 3 4 |  4.9
Summonings     | 1 2 |  2.0
Unarmed Combat | 4 5 |  5.5
Dodging        | |  1.7
Spellcasting   | |  2.0

Action                   |  1- 3 |  4- 6 |  7- 9 || total
-------------------------+-------+-------+-------++-------
Melee: Unarmed           |   107 |   161 |    10 ||   278
       Headbutt          |    12 |    18 |       ||    30
       Kick              |    19 |    27 |       ||    46
       Tailslap          |     7 |    18 |     1 ||    26
       Punch             |       |     4 |       ||     4
 Cast: Beastly Appendage |    27 |    28 |       ||    55
       Wereblood         |     3 |     4 |       ||     7
       Spider Form       |       |     5 |     1 ||     6
Invok: Lunge             |       |    10 |       ||    10
       Whirlwind         |       |       |     1 ||     1
 Abil: Breathe Fire      |       |       |     2 ||     2
       End Transformatio |       |       |     1 ||     1
  Use: Scroll            |       |     9 |       ||     9
 Stab: Sleeping          |       |     1 |       ||     1
Armor: Skin              |    24 |    48 |     4 ||    76
Dodge: Dodged            |    72 |   105 |    11 ||   188

Table legend: (Time is in decaauts)
 A = Elapsed time spent in this place.
 B = Non-inter-level travel time spent in this place.
 C = Inter-level travel time spent in this place.
 D = Time resting spent in this place.
 E = Time spent auto-exploring this place.
 F = Levels seen in this place.
 G = Mean time per level.
                   A        B        C        D        E       F      G
               +--------+--------+--------+--------+--------+-----+--------+
         Total |   4879 |   4479 |    400 |    184 |   3451 |   6 |  813.2 |
       Dungeon |   4756 |   4407 |    349 |    184 |   3397 |   5 |  951.2 |
        Temple |    122 |     71 |     51 |      0 |     54 |   1 |  122.0 |
               +--------+--------+--------+--------+--------+-----+--------+

Top non-repeatable levels by time:
     D:4: 1220 daAuts
     D:2: 1170 daAuts
     D:1: 1080 daAuts
     D:3: 1063 daAuts
     D:5: 221 daAuts
  Temple: 122 daAuts
